Map: 로스트 앤 파운드 - 래더

Players

eonblu

  • Race: Zerg Zerg
  • League: Grandmaster
  • Spawn Location: 1:00

llllllllllll (Zest) - Winner!

  • Race: Protoss Protoss
  • League: Master
  • Spawn Location: 7:00

Event: HomeStory Cup XVII

VOD

Have the link to the VOD?

Description

Time

  • Played on: June 28, 2018, 6:34 a.m.
  • Length: 4:31

All games in this series

Show
View Real Time Build Order
Export as new Build Order

eonblu Zerg 

Build Orders: Pool First 

Get SALT Encoding   

  12  0:00  Drone  
  13  0:12  Overlord  
  13  0:19  Drone  
  14  0:30  Drone x2  
  16  0:36  Drone  
  17  0:44  Spawning Pool  
  17  0:48  Drone  
  17  0:52  Extractor  
  17  0:56  Drone  
  17  1:12  Drone  
  17  1:18  Hatchery  
  17  1:31  Zergling x4  
  19  1:36  Queen  
  21  1:42  Drone  
  22  1:53  Metabolic Boost  
  22  2:01  Roach Warren  
  21  2:04  Drone  
  22  2:10  Overlord  
  22  2:24  Overlord  
  22  2:42  Roach x4  
  30  2:45  Roach  
  30  2:50  Roach  
  34  3:00  Zergling x6  
  37  3:10  Zergling x4  
  39  3:15  Zergling x4  
  41  3:22  Zergling x4  
  43  3:28  Overlord  
  43  3:34  Zergling x2  
  44  3:39  Ravager  
  44  3:50  Ravager  
  44  3:54  Zergling x10  
  49  3:58  Zergling x2  
  50  4:04  Zergling x2  
Show
View Real Time Build Order
Export as new Build Order

llllllllllll Protoss - Winner!

Build Orders: 1 Gate Expand, Oracle Opening 

Get SALT Encoding   

  12  0:00  Probe  
  13  0:12  Probe  
  14  0:17  Pylon  
  14  0:24  Probe  
  15  0:32  Probe  
  15  0:40  Probe  
  16  0:43  Gateway  
  16  0:48  Assimilator  
  17  0:51  Probe  
  18  1:03  Probe  
  19  1:15  Probe  
  20  1:23  Nexus  
  20  1:34  Cybernetics Core  
  20  1:36  Probe  
  21  1:43  Assimilator  
  21  1:49  Probe  
  21  1:52  Pylon  
  22  2:01  Adept, Probe  
  23  2:15  Stargate  
  25  2:17  Probe  
  26  2:25  Warp Gate  
  26  2:27  Zealot  
  28  2:33  Shield Battery  
  28  2:37  Probe  
  28  2:38  Probe  
  30  2:45  Void Ray  
  30  2:54  Adept  
  32  3:03  Probe  
  32  3:05  Probe  
  38  3:15  Probe  
  38  3:17  Probe  
  40  3:22  Oracle  
  40  3:23  Pylon  
  40  3:29  Adept  
  40  3:33  Probe  
  46  3:41  Probe  
  46  3:47  Gateway  
  46  3:48  Gateway  
  47  3:50  Probe  
  47  3:53  Probe  
  49  3:55  Pylon  
  52  4:03  Probe  
  52  4:06  Probe  
  52  4:08  Pylon  
  54  4:22  Shield Battery  
  54  4:23  Shield Battery  
Tags
 
Add a new tag
Caveats
  • Supply blocks, unpowered buildings, or Contaminate may cause inaccurate times.
  • Supply counts are checked every 10 seconds.